 Dungeon Crawl Stone Soup version 0.30-a0-142-g7370640ec8 (webtiles) character file.

Game seed: 18008087919980667595

634 qw the Chopper (level 7, -3/44 HPs)
             Began as a Gargoyle Fighter on Sept 26, 2022.
             Slain by an ogre
             ... wielding a +0 giant club
              (5 damage)
             ... on level 5 of the Dungeon.
             The game lasted 00:01:16 (4177 turns).

qw the Chopper (Gargoyle Fighter)                   Turns: 4177, Time: 00:01:16

Health: -3/44      AC: 17    Str: 22    XL:     7   Next: 49%
Magic:  7/7        EV:  9    Int:  8    God:
Gold:   161        SH:  4    Dex:  9    Spells: 6/6 levels left

rFire   . . .      SeeInvis .    Y - +0 war axe
rCold   . . .      Faith    .    c - +0 buckler
rNeg    + . .      Spirit   .    b - +0 scale mail
rPois   inf        Reflect  .    i - +0 helmet
rElec   +          Harm     .    k - +0 cloak
rCorr   .          Rampage  +    g - +0 pair of gloves
Will    .....                    e - +1 pair of boots {rampage}
Stlth   ..........               (no amulet)
HPRegen 0.14/turn                (no ring)
MPRegen 0.10/turn                (no ring)

@: no status effects
A: sickness immunity, AC +4, negative energy resistance 1, electricity
resistance, torment resistance 1, petrification resistance
a: no special abilities


You were on level 5 of the Dungeon.
You visited 1 branch of the dungeon, and saw 5 of its levels.

You collected 161 gold pieces.


Innate Abilities, Weirdness & Mutations

You are immune to sickness and miasma.
Your stone body is resilient. (AC +4)
You are immune to poison.
You resist negative energy. (rN+)
You are resistant to electric shocks. (rElec)
You are resistant to unholy torment.
You are immune to petrification.


   Skills:
 - Level 4.9 Fighting
 + Level 6.4 Axes
 - Level 3.2 Armour
 - Level 1.3 Dodging
 - Level 3.2 Shields


You had 6 spell levels left.
You didn't know any spells.
Your spell library was empty.

Inventory:

Hand Weapons
 n - a +0 morningstar
 Y - a +0 war axe (weapon)
Missiles
 q - 3 boomerangs (quivered)
Armour
 b - a +0 scale mail (worn)
 c - a +0 buckler (worn)
 e - a +1 pair of boots of rampaging (worn)
 g - a +0 pair of gloves (worn)
 i - a +0 helmet (worn)
 k - a +0 cloak (worn)
Scrolls
 o - a scroll of identify
Potions
 d - a potion of might
 f - a potion of heal wounds {unknown}
 h - a potion of curing {unknown}
 j - a potion of flight {unknown}
 l - a potion of mutation {unknown}
 m - a potion of attraction {unknown}
 r - a potion of resistance {unknown}

Dungeon Overview and Level Annotations

Branches:
Dungeon (5/15)
 Temple: D:4-7

Altars:
Dithmenos
Elyvilon
Qazlal
Trog
Wu Jian
Xom
Yredelemnul

Annotations:
D:3 3 runed translucent doors, qw's ghost, amateur GrFi


Message History

You closely miss the orc. The orc hits you but does no damage.
The orc hits you with a +0 hand axe.
You barely miss the orc. You block the orc's attack.
You barely miss the orc. The orc barely misses you.
You barely miss the orc. You block the orc's attack.
You closely miss the orc. The orc hits you with a +0 hand axe.
You barely miss the orc. You block the orc's attack.
The orc hits you with a +0 hand axe.
You hit the orc.
The orc is heavily wounded.
You block the orc's attack.
You slash the orc!
You kill the orc!
You start resting.
HP restored.
Done exploring.
(D) Dungeon
Where to? (* - list waypoints, Enter - D:5, ? - help)
What level of the Dungeon? (default 1, ? - help)
You climb downwards.
The ogre closely misses you.
There is a stone staircase leading up here.
An ogre is nearby!
You hit the ogre.
The ogre is lightly wounded.
You block the ogre's attack.
You hit the ogre.
The ogre is moderately wounded.
The ogre hits you with a +0 giant club!!
Ouch! That really hurt!
You hit the ogre.
The ogre is heavily wounded.
The ogre hits you with a +0 giant club!!
You hit the ogre.
The ogre is severely wounded.
The ogre hits you with a +0 giant club.
You die...

.### #######
....##.....##
............##
.............#
.............#
.............#
......O......#
.......@.....#
....?........#
...$........##
....##..../##
... ####### #.
.


You could see an ogre.

Vanquished Creatures
  Menkaure (D:4)
  3 necrophages (D:4)
  A scorpion (D:4)
  A howler monkey (D:5)
  2 hounds (D:4)
  A scorpion zombie (D:3)
  A hound zombie (D:3)
  Robin (D:4)
  2 adders
  A white imp (D:4)
  An adder zombie (D:3)
  3 worms
  A dart slug (D:1)
  12 orcs
  4 endoplasms
  3 giant cockroaches
  8 goblins
  7 hobgoblins
  9 jackals (D:2)
  3 kobolds
  4 quokkas
  3 ball pythons
  2 bats
  2 frilled lizards
  A quokka zombie (D:3)
  7 rats
84 creatures vanquished.

Vanquished Creatures (others)
  3 withered plants (D:3)
3 creatures vanquished.

Grand Total: 87 creatures vanquished

Notes
Turn   | Place    | Note
-------+----------+-------------------------------------------
     0 | D:1      | qw the Gargoyle Fighter began the quest for the Orb.
     0 | D:1      | Reached XP level 1. HP: 14/14 MP: 1/1
     0 | D:1      | 0 ||| qw: Version: 0.2-a-10-g399e6c4
     0 | D:1      | 0 ||| qw: Game counter: 462
     0 | D:1      | 0 ||| qw: Always use a shield: true
     0 | D:1      | 0 ||| qw: God list: Okawaru
     0 | D:1      | 0 ||| qw: Allow faded altars: false
     0 | D:1      | 0 ||| qw: Do Orc after D:15 true
     0 | D:1      | 0 ||| qw: Do second Lair branch before Depths: true
     0 | D:1      | 0 ||| qw: Lair rune preference: random
     0 | D:1      | 0 ||| qw: Plans: Normal, Zot:1-4, God:TSO, Crypt, Tomb,
                  | Pan, Slime:5, Hells, Abyss, Orb
     0 | D:1      | 0 ||| PLANNING D:1-11
   201 | D:1      | Reached skill level 2 in Axes
   509 | D:1      | Reached XP level 2. HP: 19/19 MP: 2/2
   658 | D:1      | 658 ||| UPGRADING to +0 pair of gloves.
   855 | D:2      | 855 ||| DROPPING +0 club.
  1032 | D:2      | Reached skill level 3 in Axes
  1039 | D:2      | Reached XP level 3. HP: 12/23 MP: 3/3
  1311 | D:2      | Found a faded altar of an unknown god.
  1809 | D:2      | 1809 ||| READING scroll labelled PUMIFA XEDELL.
  1814 | D:2      | 1814 ||| READING scroll labelled ALOVEC SENA.
  1815 | D:2      | 1815 ||| READING scroll labelled ESO JOCZUCINA.
  1851 | D:3      | 1851 ||| PLANNING SEWER
  1895 | D:3      | Found an ornate altar of the Wu Jian Council.
  1897 | D:3      | Found a shimmering altar of Xom.
  1897 | D:3      | Found a stormy altar of Qazlal.
  1897 | D:3      | Found a shadowy altar of Dithmenos.
  1899 | D:3      | Found a bloodstained altar of Trog.
  1900 | D:3      | Found a white marble altar of Elyvilon.
  1925 | D:3      | Found a basalt altar of Yredelemnul.
  1932 | D:3      | Reached XP level 4. HP: 25/28 MP: 4/4
  1970 | D:3      | Reached skill level 4 in Axes
  2047 | D:3      | 2047 ||| DROPPING +0 mace.
  2060 | D:3      | Found a runed translucent gate.
  2060 | D:3      | Found a runed translucent gate.
  2061 | D:3      | Found a runed translucent gate.
  2062 | D:3      | Noticed qw's ghost (amateur GrFi)
  2062 | D:3      | Noticed qw's ghost (amateur GrFi)
  2457 | D:3      | 2457 ||| RIP SEWER
  2683 | D:3      | 2683 ||| PLANNING D:1-11
  2858 | D:3      | 2858 ||| UPGRADING to +0 cloak.
  2863 | D:3      | 2863 ||| READING scroll labelled OSMETR ARAJE.
  2864 | D:3      | 2864 ||| READING scroll labelled HOAKABBUDD.
  2865 | D:3      | 2865 ||| READING scroll labelled RUYLEZ PYRYFFI.
  2865 | D:3      | Identified a scroll of acquirement
  2865 | D:3      | 2865 ||| ACQUIRING +1 pair of boots of rampaging
  2865 | D:3      | Acquired a +1 pair of boots of rampaging
  2867 | D:3      | 2867 ||| UPGRADING to +1 pair of boots of rampaging.
  2900 | D:4      | Noticed Robin
  2901 | D:4      | 2901 ||| STAIRDANCE
  2961 | D:4      | 2961 ||| STAIRDANCE
  3113 | D:4      | Reached XP level 5. HP: 32/32 MP: 5/5
  3118 | D:4      | Killed Robin
  3125 | D:4      | Reached skill level 5 in Axes
  3196 | D:4      | 3196 ||| Stepping ~*~*~tactically~*~*~ (stealth).
  3200 | D:4      | 3200 ||| Stepping ~*~*~tactically~*~*~ (stealth).
  3208 | D:4      | 3208 ||| Stepping ~*~*~tactically~*~*~ (stealth).
  3213 | D:4      | 3213 ||| DROPPING +0 flail.
  3222 | D:4      | 3222 ||| Stepping ~*~*~tactically~*~*~ (hiding).
  3255 | D:4      | Noticed Menkaure
  3262 | D:4      | HP: 8/32 [Menkaure (6)]
  3265 | D:4      | Killed Menkaure
  3266 | D:4      | Reached XP level 6. HP: 10/40 MP: 6/6
  3407 | D:4      | Reached skill level 1 in Dodging
  3693 | D:4      | 3693 ||| Stepping ~*~*~tactically~*~*~ (stealth).
  3694 | D:4      | 3694 ||| Stepping ~*~*~tactically~*~*~ (stealth).
  3796 | D:4      | Reached XP level 7. HP: 41/44 MP: 7/7
  3990 | D:4      | 3990 ||| UPGRADING to +0 helmet.
  3995 | D:4      | 3995 ||| READING scroll labelled VAM RA ZANTIRIRRE.
  3996 | D:4      | 3996 ||| READING scroll labelled BAF QUS JOMEN.
  4004 | D:5      | Entered Level 5 of the Dungeon
  4005 | D:5      | 4005 ||| STAIRDANCE
  4064 | D:5      | 4064 ||| STAIRDANCE
  4076 | D:4      | Reached skill level 6 in Axes
  4105 | D:5      | 4105 ||| STAIRDANCE
  4176 | D:5      | HP: 1/44 [ogre/+0 giant club (21)]
  4177 | D:5      | Slain by an ogre

Levels and vault maps discovered:
D:1:      evilmike_arrival_rings, layout_loops_ring
D:2:      layout_basic, ebering_ecumenical_altar_webs
D:3:      layout_basic, nicolae_yredelemnul_corpse_copse,
          grunt_temple_overflow_open, gup_sewer_entry_spiral,
          gammafunk_ghost_cemetery
D:4:      layout_rooms, uniq_robin, uniq_menkaure
D:5:      layout_rooms, dilly_guarded_unrand_morg

Skill      XL: |  1  2  3  4  5  6  7 |
---------------+----------------------+-----
Axes           | 2 3 4 5 6 |  6.4
Fighting       | 4 |  4.9
Dodging        | 1 |  1.3
Armour         | |  3.2
Shields        | |  3.2

Action                   |  1- 3 |  4- 6 |  7- 9 || total
-------------------------+-------+-------+-------++-------
Melee: War axe           |    95 |   159 |    34 ||   288
Throw: Boomerang         |       |       |     2 ||     2
  Use: Scroll            |     3 |     3 |     2 ||     8
Armor: Scale mail        |    69 |    90 |    23 ||   182
Dodge: Dodged            |    57 |    59 |    17 ||   133
Block: Buckler           |    19 |    27 |    11 ||    57

Table legend:
 A = Non-vault XP
 B = Vault XP
 C = Vault XP percentage of total XP
 D = Non-vault monster count
 E = Vault monster count
 F = Vault count percentage of total count
                 A         B        C        D         E       F
            +---------+---------+-------+---------+---------+-------
      Total |     631 |     276 |  30.4 |      62 |      22 |  26.2
            +---------+---------+-------+---------+---------+-------
        D:1 |      11 |       0 |   0.0 |       7 |       0 |   0.0
        D:2 |      50 |       0 |   0.0 |      19 |       0 |   0.0
        D:3 |      18 |      83 |  82.2 |       9 |      14 |  60.9
        D:4 |     503 |     193 |  27.7 |      26 |       8 |  23.5
        D:5 |      49 |       0 |   0.0 |       1 |       0 |   0.0
            +---------+---------+-------+---------+---------+-------
